AoeStats
← BSHammer

Arena

509514564Analyzed
3v3 RM · 6d ago on Sep 27, 2026· 60m 19s· 6 players
Game mode
Random Map
Map size
Normal (6 player)
Population
200
Speed
Normal
Resources
Standard
Victory
Conquest
Starting age
Dark Age
Ending age
Imperial Age
RankedLock teamsTeams togetherTeam positionsShared explorationLock speedFull tech treeHidden civsTurbo modeCheats
Victory
Defeat
🇲🇽 Poles · Mexico
1720
+10
🇲🇽 Hindustanis · Mexico
1644
+12
🇲🇽 Malay · Mexico
1508
+18
🇺🇸 Varangians · United States
1582
-14
🇺🇸 Saxons · United States
1572
-14
🇺🇸 Slavs · United States
1530
-12
BSHammer
10:28 Feudal Age
11:43 Loom
14:29 Castle Age
12:25 Double-Bit Axe
13:02 Horse Collar
15:50 Bow Saw
16:21 Wheelbarrow
18:51 Heavy Plow
22:19 Hand Cart
23:40 Forging
23:30 Scale Mail Armor
23:22 Pikeman
25:34 Chain Mail Armor
26:36 Squires
32:40 Imperial Age
31:16 Iron Casting
31:39 Scale Barding Armor
31:53 Bloodlines
31:43 Husbandry
31:42 Light Cavalry
34:06 Chain Barding Armor
34:46 Blast Furnace
34:24 Conscription
35:23 Plate Barding Armor
34:12 Hussar
35:44 Fortified Wall
42:25 Capped Ram
44:29 Halberdier
45:13 Druzhina
46:01 Coinage
46:57 Two-Man Saw
47:00 Plate Mail Armor
47:38 Banking
47:12 Heavy Scorpion
50:06 Ballistics
53:01 Detinets
60:08 Siege Engineers
koriko9397
8:41 Loom
10:28 Feudal Age
15:03 Castle Age
13:30 Double-Bit Axe
16:09 Horse Collar
23:04 Bow Saw
22:56 Heavy Plow
25:31 Wheelbarrow
25:45 Town Watch
27:20 Hand Cart
27:22 Gold Mining
32:45 Imperial Age
31:25 Scale Barding Armor
31:31 Forging
33:08 Chain Barding Armor
32:36 Vendel Legacy
33:39 Bloodlines
33:30 Husbandry
40:36 Cavalier
46:33 Capped Ram
47:55 Conscription
47:34 Heavy Scorpion
47:49 Elite Skirmisher
49:39 Light Cavalry
52:26 Ballistics
52:45 Iron Casting
52:45 Plate Barding Armor
54:20 Fletching
54:30 Padded Archer Armor
55:30 Bodkin Arrow
56:49 Chemistry
58:08 Siege Engineers
58:19 Bracer
58:03 Hussar
59:20 Leather Archer Armor
60:32 Ring Archer Armor
Lucas Ducas
10:11 Feudal Age
9:13 Loom
14:35 Wheelbarrow
18:46 Castle Age
20:49 Town Watch
20:59 Horse Collar
22:52 Double-Bit Axe
24:08 Bow Saw
24:38 Heavy Plow
27:08 Gold Mining
28:07 Hand Cart
29:01 Gold Shaft Mining
31:59 Imperial Age
30:32 Fletching
30:57 Scale Mail Armor
31:05 Fletching
31:34 Scale Mail Armor
31:36 Stone Mining
32:46 Chain Mail Armor
32:42 Forging
33:06 Conscription
32:50 Squires
32:35 Arson
33:08 Shield Wall
34:56 Plate Mail Armor
35:01 Iron Casting
36:47 Bodkin Arrow
38:32 Two-Man Saw
37:00 Elite Hearth Troop
37:53 Masonry
38:14 Bracer
38:36 Ballistics
39:40 Chemistry
40:46 Fortified Wall
40:40 Sappers
42:27 Hoardings
42:24 Architecture
41:38 Treadmill Crane
42:36 Hoardings
42:27 Padded Archer Armor
42:58 Architecture
42:45 Guilds
43:47 Leather Archer Armor
42:54 Elite Skirmisher
45:26 Ring Archer Armor
47:43 Bloodlines
47:34 Husbandry
47:08 Heavy Mounted Crossbowman
47:12 Cranequins
47:59 Thumb Ring
50:07 Pikeman
52:57 Murder Holes
52:37 Halberdier
60:02 Guilds
VENON FRIDA
6:16 Loom
8:42 Feudal Age
10:28 Double-Bit Axe
13:34 Horse Collar
14:49 Town Watch
23:03 Castle Age
24:15 Bow Saw
24:06 Heavy Plow
24:04 Stone Mining
29:24 Wheelbarrow
33:42 Fortified Wall
33:43 Fletching
34:34 Bodkin Arrow
37:28 Padded Archer Armor
38:11 Thumb Ring
39:34 Husbandry
40:27 Hand Cart
40:18 Gold Mining
44:41 Imperial Age
42:51 Scale Barding Armor
42:56 Forging
44:01 Stone Shaft Mining
42:56 Light Cavalry
43:47 Bloodlines
44:40 Chain Barding Armor
46:01 Iron Casting
45:05 Winged Hussar
46:16 Lechitic Legacy
46:17 Conscription
47:03 Chemistry
46:48 Crop Rotation
48:13 Blast Furnace
52:48 Siege Engineers
54:37 Capped Ram
56:11 Masonry
56:03 Bracer
57:32 Siege Ram
58:42 Scale Mail Armor
60:05 Ballistics
59:57 Caravan
59:25 Elite Obuch
60:21 Chain Mail Armor
Sigfridito_aoe
11:11 Feudal Age
12:10 Double-Bit Axe
15:00 Castle Age
12:52 Horse Collar
13:27 Gold Mining
16:24 Bow Saw
17:26 Gold Shaft Mining
22:16 Wheelbarrow
23:29 Hand Cart
27:03 Imperial Age
24:49 Loom
24:51 Town Watch
25:09 Stone Mining
25:22 Heavy Plow
26:04 Masonry
26:16 Fletching
26:30 Padded Archer Armor
28:45 Chemistry
28:02 Leather Archer Armor
28:47 Two-Man Saw
29:34 Shatagni
29:37 Grand Trunk Road
29:58 Conscription
31:48 Ring Archer Armor
31:25 Siege Engineers
32:02 Stone Shaft Mining
32:54 Ballistics
34:18 Bodkin Arrow
36:56 Scale Mail Armor
37:07 Forging
37:44 Coinage
38:40 Chain Mail Armor
41:10 Banking
41:39 Elite Ghulam
43:36 Iron Casting
43:02 Squires
42:48 Arson
44:23 Light Cavalry
46:56 Blast Furnace
46:16 Bracer
52:32 Caravan
53:53 Hoardings
55:57 Town Patrol
56:15 Murder Holes
Walmart
6:35 Loom
8:56 Feudal Age
9:02 Double-Bit Axe
12:21 Fletching
16:02 Horse Collar
17:13 Wheelbarrow
21:47 Castle Age
20:42 Gold Mining
20:43 Stone Mining
25:10 Bow Saw
25:38 Heavy Plow
33:25 Imperial Age
31:38 Padded Archer Armor
32:22 Ballistics
32:13 Crossbowman
32:58 Thumb Ring
32:50 Bodkin Arrow
33:25 Leather Archer Armor
33:20 Arbalester
35:27 Chemistry
35:54 Hand Cart
36:07 Bracer
36:38 Ring Archer Armor
36:59 Crop Rotation
37:05 Gold Shaft Mining
42:17 Forced Levy
42:02 Pikeman
42:52 Halberdier
43:32 Squires
44:22 Forging
46:49 Iron Casting
52:40 Blast Furnace
54:50 Caravan
Connection lost

Rejoining the realm…

Still unreachable

The connection could not be restored.

Session expired

The server has moved on; the page needs a fresh start.